Cogmind - Beta 10.2 *** ADVENTURER MODE // 2022.01.03 @ 14:33:02 Player: IzRey Result: Destroyed by G-34 Mercenary with Small Laser Performance ------------- Evolutions (1) 500 Regions Visited (2) 400 Robots Destroyed (35) 175 Value Destroyed (900) 900 Prototype IDs (0) 0 Alien Tech Used (0) 0 Bonus (0) 0 TOTAL SCORE: 1975 Bonus ------- None Cogmind --------- Core Integrity 0/400 Matter 192/300 Energy 260/265 System Corruption 6% Temperature Cool (6) Movement Core (550) Ox10 Location -9/Materials Parts ------- > --- POWER (1) -------- Reinforced Ion Engine > --- PROPULSION (2) --- (None) > --- UTILITY (4) ------ Large Storage Unit Improved Terrain Scan Processor Targeting Computer Improved Power Shielding > --- WEAPON (2) ------- Heavy Hammer > --- INVENTORY (10) --- Wheel Compact Battery (300) Medium Matter Pod (100) Signal Interpreter Field Recycling Unit (0) Integration Mediator Backup Laser I Peak State ------------ > --- POWER ------------ Ion Engine > --- PROPULSION ------- Aluminum Leg Aluminum Leg > --- UTILITY ---------- Large Storage Unit Improved Terrain Scan Processor Transmission Jammer Transmission Jammer > --- WEAPON ----------- Assault Rifle Maul > --- INVENTORY -------- Wheel Compact Wheel Compact Battery Medium Matter Pod Signal Interpreter Improved Power Shielding Integration Mediator Backup Laser I Missile Launcher Mining Laser [Rating: 17] Favorites ----------- Power Light Ion Engine Engine Light Ion Engine Propulsion Light Treads Treads Light Treads Leg Aluminum Leg Wheel Wheel Utility Large Storage Unit Device Improved Heat Sink Storage Large Storage Unit Processor Improved Terrain Scan Processor Protection Weapon Shielding Weapon Assault Rifle Energy Gun EM Pulse Gun Ballistic Gun Assault Rifle Launcher Missile Launcher Special Weapon Mining Laser Impact Weapon Maul Special Melee Weapon Datajack Build | -11 -10 -9 ------- Run | Scr Mat Mat Slots Evolved 2 | . . 2 Power . | . . . Propulsion . | . . . Utility 2 | . . 2 Weapon . | . . . Parts Attached 35 | 5 6 24 Power 5 | 1 1 3 Engine 5 | 1 1 3 Core . | . . . Reactor . | . . . Propulsion 8 | 2 1 5 Treads 3 | 2 1 . Leg 4 | . . 4 Wheel 1 | . . 1 Hover . | . . . Flight . | . . . Utility 12 | . 3 9 Device 6 | . 1 5 Storage 1 | . 1 . Processor 2 | . . 2 Hackware . | . . . Protection 3 | . 1 2 Artifact . | . . . Weapon 10 | 2 1 7 Energy Gun 2 | 1 1 . Energy Cannon . | . . . Ballistic Gun 3 | 1 . 2 Ballistic Cannon . | . . . Launcher 1 | . . 1 Special Weapon 1 | . . 1 Impact Weapon 2 | . . 2 Slashing Weapon . | . . . Piercing Weapon . | . . . Special Melee Weapon 1 | . . 1 Unidentified Prototypes . | . . . Parts Lost 18 | . 1 17 Power 2 | . . 2 Propulsion 6 | . . 6 Utility 3 | . . 3 Weapon 7 | . 1 6 Highest Loss Streak 6 | . 1 6 Average Slot Usage (%) 88 | . 91 86 Engine 11 | . 13 10 Treads 16 | . 27 7 Leg 5 | . . 9 Device 11 | . 11 12 Storage 7 | . 2 11 Processor 3 | . . 6 Protection 10 | . 9 10 Energy Gun 4 | . 11 . Ballistic Gun 10 | . 14 8 Impact Weapon 1 | . . 3 Special Melee Weapon 1 | . . 2 Naked Turns . | . . . Heaviest Build 34 | 7 24 34 Greatest Support 40 | 40 40 40 Greatest Overweight (x) 11 | . . 11 Average Overweight (x) . | . . 1 Largest Inventory Capacity 10 | 4 10 10 Average Capacity 7 | 4 5 10 Most Carried 10 | 2 6 10 Average Carried 5 | 1 4 7 Final Capacity 10 | 4 10 10 Final Carried 7 | 2 6 7 Class Distribution -------------------- 100% | Mutant Dominant Class ---------------- Mutant | -10/Materials Mutant | -9/Materials Resources | -11 -10 -9 ----------- Run | Scr Mat Mat Matter Collected 817 | 228 182 407 Remotely 202 | . . 202 Salvage Created 1016 | . 293 723 Parts 94 | . 30 64 Haulers Intercepted . | . . . Recyclers Shooed 1 | . . 1 Parts Field Recycled . | . . . Retrieved Matter . | . . . Parts Self-Destructed . | . . . Prevented . | . . . Kills | -11 -10 -9 ------- Run | Scr Mat Mat Combat Hostiles Destroyed 28 | . 8 20 Melee 2 | . . 2 Guns 21 | . 8 13 Cannons 2 | . . 2 AOE 2 | . . 2 Classes Destroyed 6 | . 4 2 Worker 2 | . 2 . Watcher 5 | . 2 3 Swarmer 8 | . 6 2 Grunt 16 | . 2 14 Brawler 1 | . . 1 Sentry 3 | . . 3 Best Kill Streak 4 | . 4 3 Combat Bots Only 3 | . 3 3 Max Kills in Single Turn 2 | . 2 1 Gunslinging . | . . . Exploded 1 | . . 1 Melee 1 | . . 1 Uniques/NPCs Destroyed . | . . . Combat | -11 -10 -9 -------- Run | Scr Mat Mat Damage Taken 1978 | . 361 1617 Core 477 | . 76 401 Absorbed by Shields . | . . . Core Remaining (%) 84 | 100 69 . Volleys Fired 117 | . 36 81 Largest 2 | . 2 1 Hottest 100 | . 60 100 Shots Fired 140 | . 59 81 Gun 128 | . 59 69 Cannon . | . . . Launcher 6 | . . 6 Special 6 | . . 6 Kinetic 105 | . 36 69 Thermal 6 | . . 6 Explosive 6 | . . 6 Electromagnetic 23 | . 23 . Robot Hit Streak 15 | . 9 15 Robot Miss Streak 4 | . 3 4 Penetration Max . | . . . Secondary Targets 3 | . 3 . Max Gunslinging Chain 1 | . 1 . Shots Hit Robots 128 | . 40 88 Core Hits 47 | . 16 31 Critical Hits 1 | . 1 . Critical Kills . | . . . Critical Parts Destroyed 1 | . 1 . Melee Attacks 24 | . . 24 Impact 22 | . . 22 Slashing . | . . . Piercing . | . . . Sneak Attacks . | . . . Combat Hostiles . | . . . Follow-up Attacks . | . . . Damage Inflicted 2223 | . 597 1626 Guns 1375 | . 508 867 Cannons . | . . . Explosions 300 | . 89 211 Melee 425 | . . 425 Ramming 3 | . . 3 Kinetic 1154 | . 287 867 Thermal 209 | . 89 120 Explosive 211 | . . 211 Electromagnetic 221 | . 221 . Impact 425 | . . 425 Slashing . | . . . Piercing . | . . . Highest Corruption 6 | . . 6 Average Corruption 5 | . . 5 Corruption Purged . | . . . Effects 16 | . . 16 Message Errors 1 | . . 1 Matter Fused 3 | . . 3 Heat Flow Errors 5 | . . 5 Energy Discharges 3 | . . 3 Parts Rejected 2 | . . 2 Data Loss (major) 1 | . . 1 Targeting Errors 1 | . . 1 Overload Shots . | . . . Overflow Damage 26 | . 16 10 Projectiles . | . . . Explosions 22 | . 16 6 Melee 4 | . . 4 Knockbacks . | . . . Impact . | . . . Kinetic . | . . . Secondary . | . . . Self-Inflicted Damage 73 | . 40 33 Shots 4 | . 1 3 Rammed 1 | . . 1 Targets Rammed 2 | . . 2 Kicked 1 | . . 1 Crushed . | . . . Highest Temperature 239 | . 90 239 Average Temperature 75 | . 46 84 Received Heat Transfer 828 | . 105 723 Siege Activations . | . . . Robots Corrupted . | . . . Combat Hostiles . | . . . Parts Fried 2 | . . 2 Impact Corruptions 2 | . . 2 Robots Melted . | . . . Combat Hostiles . | . . . Parts Melted . | . . . Heat Transferred 350 | . 100 250 Parts Sabotaged . | . . . Parts Stolen . | . . . Parts Stripped . | . . . Power Chain Reactions 1 | . 1 . Missiles Intercepted . | . . . Alert | -11 -10 -9 ------- Run | Scr Mat Mat Peak Influence 201 | . 135 201 Initial . | . . . Average 48 | . 37 59 Maximum Alert Level 1 | . . 1 Low Security (%) 99 | 100 100 98 Level 1 . | . . 1 Level 2 . | . . . Level 3 . | . . . Level 4 . | . . . Level 5 . | . . . High Security . | . . . Max Security . | . . . Squads Dispatched 3 | . . 3 Investigation 1 | . . 1 Extermination . | . . . Reinforcement 2 | . . 2 Assault . | . . . Garrison . | . . . Intercept . | . . . Construction Impeded 1 | . . 1 Haulers Reinforced . | . . . Stealth | -11 -10 -9 --------- Run | Scr Mat Mat Distress Signals 4 | . 1 3 Communications Jammed . | . . . Distress Signals . | . . . Times Spotted 58 | . 18 40 Peak Tracking Total 5 | . 3 5 Tactical Retreats 3 | . . 3 Traps | -11 -10 -9 ------- Run | Scr Mat Mat Traps Triggered 4 | . 4 . Indirectly . | . . . Trap Hack Attempts . | . . . Triggered . | . . . Disarmed . | . . . Reprogrammed . | . . . Reused . | . . . Traps Extracted . | . . . Installed . | . . . Triggered . | . . . Machines | -11 -10 -9 ---------- Run | Scr Mat Mat Machines Disabled 1 | . . 1 Max in Single Turn 1 | . . 1 Machines Sabotaged . | . . . Garrisons Compromised . | . . . Overloaded Fab Kills . | . . . Fab Network Shutdowns . | . . . Hacking | -11 -10 -9 --------- Run | Scr Mat Mat Machines Accessed 7 | . 2 5 Terminals 5 | . 2 3 Fabricators . | . . . Repair Stations 1 | . . 1 Recycling Units . | . . . Scanalyzers 1 | . . 1 Garrison Access . | . . . Total Hacks 15 | . 4 11 Successful 10 | . 2 8 Failed 5 | . 2 3 Catastrophic 2 | . . 2 Database Lockouts . | . . . Manual 6 | . 3 3 Terminals 8 | . 4 4 Fabricators . | . . . Repair Stations 3 | . . 3 Recycling Units . | . . . Scanalyzers 4 | . . 4 Garrison Access . | . . . Terminal Hacks 4 | . 2 2 Level Access Points 2 | . 1 1 Branch Access Points 1 | . 1 . Registered Components 1 | . . 1 Fabricator Hacks . | . . . Repair Station Hacks 2 | . . 2 Scan Component 1 | . . 1 Refit 1 | . . 1 Recycling Unit Hacks . | . . . Scanalyzer 4 | . . 4 Insert Component 2 | . . 2 Analyze 2 | . . 2 Garrison Access Hacks . | . . . Unauthorized Hacks . | . . . Terminals . | . . . Fabricators . | . . . Repair Stations . | . . . Recycling Units . | . . . Scanalyzers . | . . . Garrison Access . | . . . Data Cores Recovered . | . . . Used . | . . . Hacking Detections 7 | . 2 5 Full Trace Events 1 | . . 1 Feedback Events . | . . . Feedback Blocked . | . . . Robot Schematics Acquired . | . . . Robots Built . | . . . Matter . | . . . Time . | . . . Total Robot Build Rating . | . . . Part Schematics Acquired 2 | . . 2 Parts Built . | . . . Matter . | . . . Time . | . . . Total Part Build Rating . | . . . Parts Repaired . | . . . Time . | . . . Parts Recycled . | . . . Recycled Matter . | . . . Retrieved Matter . | . . . Retrieved Components . | . . . Parts Scanalyzed 2 | . . 2 Part Schematics Acquired 2 | . . 2 Parts Damaged . | . . . Bothacking | -11 -10 -9 ------------ Run | Scr Mat Mat Used RIF Installer . | . . . Robots Hacked 1 | . . 1 Non-combat . | . . . Combat 1 | . . 1 Robot Hacks Applied 1 | . . 1 parse_system 1 | . . 1 Relay Couplers Released . | . . . Robots Rewired . | . . . Allies Hacked . | . . . Hacks Repelled . | . . . Allies | -11 -10 -9 -------- Run | Scr Mat Mat Total Allies . | . . . Largest Group . | . . . Highest-Rated Group . | . . . Highest-Rated Ally . | . . . Total Orders . | . . . Ally Attacks . | . . . Total Damage . | . . . Kills . | . . . Allies Corrupted . | . . . Allies Melted . | . . . Intel | -11 -10 -9 ------- Run | Scr Mat Mat Robot Analysis Total . | . . . Derelict Logs Recovered . | . . . Drone Launches . | . . . Drone Recoveries . | . . . Exploration | -11 -10 -9 ------------- Run | Scr Mat Mat Turns Passed 3008 | 66 1240 1702 Spaces Moved 1534 | 39 694 801 Core 22 | 4 . 18 Treads 1027 | 35 694 298 Legs 467 | . . 467 Wheels 18 | . . 18 Hover . | . . . Flight . | . . . Fastest Speed 50 | 50 160 100 Average Speed 165 | 148 160 171 Slowest Speed 600 | 160 160 600 Overloaded Moves . | . . . Propulsion Burnouts . | . . . Robots Hopped . | . . . Cave-ins Triggered 1 | . . 1 Exploration Rate (%) 50 | 3 93 54 Regions Visited 2 Branch Regions . Pre-discovered Areas . | . . . Known Exits Taken 1 | . 1 . Unknown Exits Taken 1 | 1 . . Scrap Searched . | . . . Spaces Dug 45 | . . 45 Terrain Destroyed 78 | . 3 75 Melee . | . . . Projectile . | . . . AOE 78 | . 3 75 Terrain Rammed . | . . . Walls Destroyed . | . . . Machines Disabled . | . . . Actions | -11 -10 -9 --------- Run | Scr Mat Mat Total 1792 | 45 762 985 Wait 64 | . 22 42 Move 1531 | 38 693 800 Hop . | . . . Pick Up 13 | 2 4 7 Fast Attach 26 | 5 6 15 Attach 6 | . . 6 Detach 1 | . . 1 Swap 3 | . . 3 Drop 4 | . 1 3 Fire 117 | . 36 81 Melee 24 | . . 24 Ram . | . . . Kick 2 | . . 2 Crush . | . . . Escape Stasis 1 | . . 1 Rewire . | . . . Trap . | . . . Miscellaneous . | . . . Route ------- -11/Scrapyard -10/Materials (discovered 5 exits: *Mat x3 / *Min x2) -9/Materials (discovered 4 exits: *Mat x3 / [*Sto]) History --------- Turn | Location | Event 2 | -11/Scrapyard | Met Revision 17 3 | -11/Scrapyard | Discovered new exit (range 15) 67 | -11/Scrapyard | Entered Materials 311 | -10/Materials | Build established: Mutant 353 | -10/Materials | Discovered new exit (range 16) 495 | -10/Materials | Identified exit to Mines 495 | -10/Materials | Identified exit to Materials 1307 | -10/Materials | Entered another Materials area 1307 | -9/Materials | Evolved 2 slots: Utility x2 1674 | -9/Materials | Discovered new exit (range 16) 1940 | -9/Materials | Discovered new exit (range 13) 2039 | -9/Materials | Lost 6 parts (1p1n2u2w) 2228 | -9/Materials | Identified exit to Materials 2736 | -9/Materials | Core integrity fell below 50% 2951 | -9/Materials | Crushed by falling debris 2993 | -9/Materials | Core integrity fell below 20% 3009 | -9/Materials | Destroyed by G-34 Mercenary with Small Laser Last Messages --------------- 02941_ The unstable cave ceiling collapses. 02945_ U-05 Engineer lays Concrete. 02949_ The unstable cave ceiling collapses. 02950_ U-05 Engineer lays Concrete. 02951_ The unstable cave ceiling collapses. 02951_ Crushed by falling debris. [Achievement: Unlikely Earthworm] 02954_ Aluminum Leg destroyed. 02955_ System corrupted: Matter fused (-10). 02960_ The unstable cave ceiling collapses. 02969_ Terminal disabled. 02972_ The unstable cave ceiling collapses. 02972_ U-05 Engineer builds a Wall. 02976_ The unstable cave ceiling collapses. 02976_ U-05 Engineer builds a Wall. 02981_ Missile Launcher destroyed. 02982_ U-05 Engineer builds a Wall. 02993_ System corrupted: Heat flow error (+112). 02996_ Acquired Hvy. Hammer. 03009_ Y-45 Defender destroyed. Map ----- +----------------------------------------------------+ | ?# #???? ####????????????????? | | ## ### ?????????????? | | % ?????????????? | | ## ### ?????????????? | | ?# #????????###????????????????? | | ?## ##???????????????????????????? | | ??# #????????????????????????????? | | ??# #????????????????????????????? | | ??# #????????????????????????????? | | ### ###??????????????????????????? | | # #??????????????????????????? | | # #??????????????????????????? | | # #??????????????????????????? | | # #??????????????????????????? | | # #??????????????????????????? | | # #??????????????????????????? | | # #??????????????????????????? | | ## ############????????????????? | | ?# # """ """ #????????????????? | | ## # """ """ #????????????????? | | + """ """ #????????????????? | | # #???????????#????? | | # ##????????? #????? | | # # # # # ######### #????? | | ####+### ## # [!%=gg +????? | | # # # T"@*# #????? | | # # #???????? | | "" """ # # # !!! #???????? | | "" """ # # !!! #???????? | | "" """ # ### !!! #???????? | | # ## #?###### #???????? | | ###################???????##???????? | | | | | | | | | | | | | | | | | | | | | | | | | | | | | | | | | | | | | +----------------------------------------------------+ Best States ------------- Heat Dissipation 42 Energy Generation 12 Energy Capacity 265 Matter Stores 300 Matter Capacity 300 Sight Range 16 Terrain Scan Density 110 Jamming Range 8 Resistance: KI 20 Resistance: TH 20 Resistance: EX 20 Resistance: EM 20 Resistance: I 20 Resistance: S 20 Resistance: P 20 Power Shielding 66 Weapon Shielding 33 Evasion (%) 40 Targeting Accuracy 5 Recoil Reduction 2 Offensive Hacking 10 Item Schematics ----------------- Mining Laser | -9/Materials | Scanalyzed Med. Matter Pod | -9/Materials | Scanalyzed Robot Schematics ------------------ None Fabricated ------------ Nothing Alien Tech Used ----------------- None Achievements -------------- Unlikely Earthworm Challenges ------------ None Game ------ Seed VortexLinkedStorage Manual? 0 Play Time 00:29:05 Cumulative 6.8 hours Start 2022.01.03 @ 13:05:29 End 2022.01.03 @ 14:33:02 Sessions 3 Manual Loads 0 Difficulty Adventurer Special Mode None Game No. 8 Rogue 0 Adventurer 8 Explorer 0 Win Type - Total 0 Types 0/0/0/0/0/0/0/0/0 Lore% 11 Gallery% 13 Achievement% 8 Wizard Run 0 Options --------- ASCII 0 Keyboard 1 Movement Vi Keybinds 0 Fullscreen 1 Font 20/SmallcapsGlow Map View 66x50 Tactical HUD 1 Map Filters NONE Filters NONE Steam 1 RUN: 79ac05c3-2952-4eea-b5a3-84d82a68aabd